 Dungeon Crawl Stone Soup version 0.18-a0-1014-g3bbf375 (webtiles) character file.

57 JokEr the Scratcher (level 3, 0/16 HPs)
             Began as a Felid Transmuter on Jan 6, 2016.
             Slain by Grinder (8 damage)
             ... on level 3 of the Dungeon.
             The game lasted 00:07:56 (2009 turns).

JokEr the Scratcher (Felid Transmuter)              Turns: 2009, Time: 00:07:57

Health: 0/16       AC: -1    Str:  6    XL:     3   Next: 73%
Magic:  6/7        EV: 18    Int: 15    God:
Gold:   142        SH:  0    Dex: 16    Spells: 1 memorised, 6 levels left
                                        Lives:  0   Deaths: 0

rFire  . . .     SeeInvis +       - Unarmed
rCold  . . .     Gourm    .     (armour unavailable)
rNeg   . . .     Faith    .     (shield unavailable)
rPois  .         Spirit   .     (helmet unavailable)
rElec  .         Dismiss  .     (cloak unavailable)
rCorr  .         Reflect  .     (gloves unavailable)
SustAt .         Harm     .     (boots unavailable)
MR     .....     Rnd*Tele +     (no amulet)
Stlth  ++........               l - ring of teleportation (curse)
                                f - -2 ring of protection (curse)

@: appendage, quick, not resistant to hostile enchantments, unstealthy
A: no armour, no weapons or thrown items, claws 1, fangs 3, horns 2, see
invisible, carnivore 3, speed 1, shaggy fur 1, slow metabolism 1, sharp paws
a: End Transformation, Evoke Teleportation


You were on level 3 of the Dungeon.
You were completely stuffed.
You had grown temporary horns.
You visited 1 branch of the dungeon, and saw 4 of its levels.

You collected 142 gold pieces.

Inventory:

Missiles
 a - 49 arrows
 h - 12 arrows of frost
Jewellery
 e - an uncursed ring of protection from magic
 f - a cursed -2 ring of protection (left paw)
 l - a cursed ring of teleportation (right paw)
 m - an uncursed ring of flight {unknown}
 n - a cursed ring of protection from fire {unknown}
Scrolls
 j - 2 scrolls of magic mapping
 k - 2 scrolls of identify
 r - a scroll of remove curse {unknown}
 s - a scroll of blinking
Potions
 g - a potion of brilliance {unknown}
 o - a potion of lignification {unknown}
 p - a potion of poison {unknown}
Books
 b - a book of Changes

   Spells                             Type                      Level
   a - Beastly Appendage              Transmutation                1
   b - Sticks to Snakes               Transmutation                2
   c - Spider Form                    Transmutation/Poison         3
   d - Ice Form                       Ice/Transmutation            4
   e - Blade Hands                    Transmutation                5
Comestibles
 c - 2 meat rations
 d - 2 beef jerkies
 i - a royal jelly
 q - a chunk of flesh


   Skills:
 + Level 2.0 Fighting
 - Level 2.6 Dodging
 + Level 3.4 Unarmed Combat
 + Level 2.5 Spellcasting
 + Level 2.9 Transmutations


You had 6 spell levels left.
You knew the following spells:

 Your Spells              Type           Power        Failure   Level  Hunger
a - Beastly Appendage     Trmt           ##....       8%          1    #......


Dungeon Overview and Level Annotations

Branches:
Dungeon (4/15)
 Temple: D:4-7

Altars:
Ashenzari
Qazlal

Annotations:
D:2 Ijyb
D:3 Grinder


Innate Abilities, Weirdness & Mutations

You cannot wear armour.
You are incapable of wielding weapons or throwing items.
You have sharp claws.
You have razor-sharp teeth.
You have supernaturally acute eyesight.
You are carnivorous and can eat meat at any time.
You cover ground quickly.
You are covered in fur (AC +1).
You have a slow metabolism.
Your sharp claws are effective at attacking unaware monsters.
You have a pair of horns on your head.


Message History

Okay, then.
Read which item? (? for menu, Esc to quit)
Okay, then.
Casting: Beastly Appendage
Confirm with . or Enter, or press ? or * to list all spells.
You grow a pair of large bovine horns.
You scratch Grinder.
Grinder is lightly wounded.
Grinder hits you.
You writhe in agony.
You claw Grinder! You headbutt Grinder.
Grinder is heavily wounded.
Grinder misses you.
You scratch Grinder.
Grinder is heavily wounded.
Grinder misses you.
You scratch Grinder.
Grinder is severely wounded.
Grinder hits you!
Ouch! That really hurt!
You die...

##.....## ### ##...## #
##... ..# # #######..#
#.# # #. ...#..# #.# #
#. #.#..## #.# # #.
#.....# #.# #
#5###.....# #.# #
####.@.......# #.# #
..........##...###.#####
#######...##........)...
######<######.#### #.#
#..# #.# ##.# #.# ##.###
#.# ##..... #.# #..####


You could see Grinder.

Vanquished Creatures
  2 adders (D:2)
  2 giant geckos (D:1)
  An orc (D:3)
  4 goblins
  6 hobgoblins
  3 jackals (D:1)
  5 kobolds
  2 ball pythons (D:2)
  2 bats
  7 rats
34 creatures vanquished.

Notes
Turn   | Place    | Note
--------------------------------------------------------------
     0 | D:1      | JokEr the Felid Transmuter began the quest for the Orb.
     0 | D:1      | Reached XP level 1. HP: 9/9 MP: 4/4
   381 | D:1      | Reached XP level 2. HP: 12/12 MP: 4/6
  1186 | D:2      | Found a shattered altar of Ashenzari.
  1347 | D:2      | Reached XP level 3. HP: 11/15 MP: 5/7
  1375 | D:2      | Noticed Ijyb
  1396 | D:2      | You fall through a shaft for 2 floors!
  1633 | D:3      | Found a stormy altar of Qazlal.
  2004 | D:3      | Noticed Grinder
  2009 | D:3      | Slain by Grinder

Vault maps used:
D:1:      lightli_arrival_noodles
D:2:      lemuel_round_altar, uniq_jessica, uniq_iyjb
D:3:      corexii_shack_village, grunt_qazlal_sundering, uniq_grinder
D:4:      grunt_temple_overflow_diamond, nicolae_ru_path_of_blood

Action                   || total
-------------------------++-------
Melee: Unarmed           ||   106
 Cast: Beastly Appendage ||    27
  Use: Scroll            ||     3
       Potion            ||     1
 Stab: Sleeping          ||     4
  Eat: Chunk             ||    10
